 Dungeon Crawl Stone Soup version 0.30.0-19-g36f170ea60 (webtiles) character file.

Game seed: 3766470706456072803

447 booth the Chopper (level 7, -6/56 HPs)
             Began as a Gnoll Reaver on May 26, 2023.
             Was a Follower of Uskayaw.
             Mangled by Grinder (10 damage)
             ... on level 4 of the Dungeon.
             The game lasted 00:19:00 (3182 turns).

booth the Chopper (Gnoll Reaver)                    Turns: 3182, Time: 00:19:00

Health: -6/56      AC:  3    Str: 13    XL:     7   Next: 3%
Magic:  14/15      EV: 13    Int: 12    God:    Uskayaw [*.....]
Gold:   171        SH:  0    Dex: 11    Spells: 2/17 levels left

rFire   . . .        a - +0 hand axe
rCold   . . .        (no shield)
rNeg    . . .        b - +0 leather armour
rPois   .            (no helmet)
rElec   .            (no cloak)
rCorr   .            (no gloves)
SInv    .            (no boots)
Will    .....        (no amulet)
Stlth   +            (no ring)
HPRegen 0.29/turn    (no ring)
MPRegen 0.14/turn

%: no passive effects
@: confused, invisible
A: fangs 1, strong nose, distributed training
a: Renounce Religion, Stomp


You were on level 4 of the Dungeon.
You worshipped Uskayaw.
Uskayaw was noncommittal.
You visited 1 branch of the dungeon, and saw 4 of its levels.

You collected 171 gold pieces.

Inventory:

Hand Weapons
 a - a +0 hand axe (weapon)
 q - a +0 mace
 r - a +0 battleaxe
Missiles
 e - 3 throwing nets
Armour
 b - a +0 leather armour (worn)
Wands
 k - a wand of light (3)
Scrolls
 c - 4 scrolls of teleportation
 j - a scroll of vulnerability {unknown}
 o - a scroll of magic mapping {unknown}
Potions
 d - 2 potions of lignification
 g - a potion of mutation
 h - a potion of attraction
 i - a potion of magic
 l - a potion of brilliance
 n - a potion of flight {unknown}
 p - a potion of haste {unknown}


   Skills:
 + Level 5.1 Fighting
 + Level 2.3 Short Blades
 + Level 2.3 Long Blades
 + Level 7.0 Axes
 + Level 2.3 Maces & Flails
 + Level 2.3 Polearms
 + Level 2.3 Staves
 + Level 2.3 Ranged Weapons
 + Level 2.3 Throwing
 + Level 2.3 Armour
 + Level 5.1 Dodging
 + Level 2.3 Stealth
 + Level 2.3 Shields
 + Level 2.3 Unarmed Combat
 + Level 5.5 Spellcasting
 + Level 5.8 Conjurations
 + Level 1.8 Hexes
 + Level 1.8 Summonings
 + Level 1.8 Necromancy
 + Level 1.8 Translocations
 + Level 1.8 Transmutations
 + Level 1.8 Fire Magic
 + Level 1.8 Ice Magic
 + Level 1.8 Air Magic
 + Level 1.8 Earth Magic
 + Level 1.8 Poison Magic
 + Level 2.5 Invocations
 + Level 2.3 Evocations


You had 2 spell levels left.
You knew the following spells:

 Your Spells              Type           Power      Damage    Failure   Level
a - Kiss of Death         Conj/Necr      48%        2d9       4%          1
b - Momentum Strike       Conj/Tloc      24%        3d8       8%          2
c - Hailstorm             Conj/Ice       12%        3d5       16%         3
d - Dazzling Flash        Conj/Hex       24%        N/A       16%         3
e - Iron Shot             Conj/Erth      6%         9d2       100%        6

Your spell library contained the following spells:

 Spells                   Type           Power      Damage    Failure   Level
 Lehudib's Crystal Spear  Conj/Erth      6%         10d3      100%        8


Dungeon Overview and Level Annotations

Branches:
Dungeon (4/15)
 Temple: D:4-7

Altars:
Hepliaklqana
Uskayaw

Annotations:
D:4 Grinder


Innate Abilities, Weirdness & Mutations

You have very sharp teeth.
Your uncanny sense of smell can sniff out nearby items.
Your experience applies equally to all skills.


Message History

Found a stone staircase leading up.
You open the door.
Found 12 gold pieces.
There is an open door here.
You now have 171 gold pieces (gained 12).
You open the door.
There is an open door here.
There is an open door here.
There is an open door here.
Grinder is nearby!
Grinder gestures at you. You resist with significant effort.
Grinder gestures at you. Pain shoots through your body!
Grinder blinks!
Grinder zaps a wand.
The bolt of light misses you.
Grinder blinks!
Grinder blinks!
Grinder blinks!
Casting: Kiss of Death (safe; 4% risk of failure)
Confirm with . or Enter, or press ? or * to list all spells.
Aiming: Momentum Strike (safe; 8% risk of failure)
Press: ? - help, Dir - move target, f - Grinder
Aim: Grinder, carrying a wand of light (12) (68% to hit)
The concentrated momentum misses Grinder.
Grinder blinks!
Grinder zaps a wand.
The bolt of light hits you!!
Grinder zaps a wand.
The bolt of light misses you.
Grinder zaps a wand.
The bolt of light hits you!!
You are confused.
* * * LOW HITPOINT WARNING * * *
You're too confused to move!
Grinder hits you!
* * * LOW HITPOINT WARNING * * *
You're too confused to cast spells.
Okay, then.
Okay, then.
It was a potion of invisibility.
You fade into invisibility!
Grinder hits you!
You die...

##.....#.................####
#... .#...5.............#...
'.................#...
##.......$.........+... ....
..........#...
#'#######........####
#.......#............
#.......#............
#..5@...+............
#.....###............
#.....#..............
#.....'..............
#.....#..............
#.....#..........####
#.....#..........#
#.....#..........#
#.....#......<...#


You could see Grinder (unable to see you).

Vanquished Creatures
  Sigmund (D:2)
  A howler monkey (D:4)
  A hound (D:4)
  2 orc priests (D:4)
  A sleepcap (D:4)
  Jessica (D:2)
  2 gnolls (D:4)
  3 adders
  A worm (D:4)
  4 orcs (D:4)
  8 ball pythons
  2 endoplasms
  2 giant cockroaches
  4 goblins
  2 hobgoblins (D:4)
  8 kobolds
  3 quokkas
  9 bats
  A rat (D:1)
56 creatures vanquished.

Notes
Turn   | Place    | Note
-------+----------+-------------------------------------------
     0 | D:1      | booth the Gnoll Reaver began the quest for the Orb.
     0 | D:1      | Reached XP level 1. HP: 20/20 MP: 6/6
   183 | D:1      | Found a faded altar of an unknown god.
   186 | D:1      | Prayed at the altar of an unknown god.
   186 | D:1      | Became a worshipper of Uskayaw the Reveller
   186 | D:1      | Reached * piety under Uskayaw
   279 | D:1      | Reached XP level 2. HP: 26/26 MP: 7/7
   283 | D:1      | Reached ** piety under Uskayaw
   853 | D:2      | Reached skill level 5 in Spellcasting
   853 | D:2      | Reached XP level 3. HP: 26/31 MP: 7/9
   915 | D:2      | Noticed Sigmund
   923 | D:2      | Killed Sigmund
   924 | D:2      | Reached skill level 1 in Short Blades
   924 | D:2      | Reached skill level 1 in Long Blades
   924 | D:2      | Reached skill level 1 in Maces & Flails
   924 | D:2      | Reached skill level 1 in Polearms
   924 | D:2      | Reached skill level 1 in Staves
   924 | D:2      | Reached skill level 1 in Ranged Weapons
   924 | D:2      | Reached skill level 1 in Throwing
   924 | D:2      | Reached skill level 1 in Armour
   924 | D:2      | Reached skill level 1 in Stealth
   924 | D:2      | Reached skill level 1 in Shields
   924 | D:2      | Reached skill level 1 in Unarmed Combat
   924 | D:2      | Reached skill level 1 in Hexes
   924 | D:2      | Reached skill level 1 in Summonings
   924 | D:2      | Reached skill level 1 in Necromancy
   924 | D:2      | Reached skill level 1 in Translocations
   924 | D:2      | Reached skill level 1 in Transmutations
   924 | D:2      | Reached skill level 1 in Fire Magic
   924 | D:2      | Reached skill level 1 in Ice Magic
   924 | D:2      | Reached skill level 1 in Air Magic
   924 | D:2      | Reached skill level 1 in Earth Magic
   924 | D:2      | Reached skill level 1 in Poison Magic
   924 | D:2      | Reached skill level 1 in Invocations
   924 | D:2      | Reached skill level 1 in Evocations
   924 | D:2      | Reached XP level 4. HP: 17/38 MP: 2/11
   924 | D:2      | Reached XP level 5. HP: 20/43 MP: 2/12
  1123 | D:2      | Noticed Jessica
  1141 | D:2      | Killed Jessica
  1208 | D:2      | Reached XP level 6. HP: 47/47 MP: 13/13
  1217 | D:2      | Learned a level 2 spell: Momentum Strike
  1221 | D:2      | Learned a level 3 spell: Hailstorm
  1940 | D:3      | Got the Monograph on Wounds
  1950 | D:3      | Learned a level 3 spell: Dazzling Flash
  1957 | D:3      | Learned a level 6 spell: Iron Shot
  1970 | D:3      | Found a hazy altar of Hepliaklqana.
  2217 | D:4      | Reached skill level 5 in Fighting
  2217 | D:4      | Reached skill level 5 in Dodging
  2699 | D:4      | Noticed Grinder
  2702 | D:4      | Paralysed by Grinder for 4 turns
  2721 | D:4      | HP: 1/51 [Grinder (4)]
  3027 | D:4      | Reached skill level 7 in Axes
  3027 | D:4      | Reached XP level 7. HP: 54/56 MP: 15/15
  3182 | D:4      | Mangled by Grinder

Illustrated notes

Levels and vault maps discovered:
D:1:      dpeg_arrival_simpleton_a, layout_loops_ring,
          hellmonk_ecumenical_altar_heavens_door
D:2:      layout_basic, kennysheep_generic_room_12, uniq_sigmund, uniq_jessica
D:3:      layout_rooms, nzn_hepliaklqana_mist_gate
D:4:      layout_gridville, uniq_grinder

Skill      XL: |  1  2  3  4  5  6 |
---------------+-------------------+-----
Spellcasting   | 5 |  5.5
Short Blades   | 1 2 |  2.3
Long Blades    | 1 2 |  2.3
Maces & Flails | 1 2 |  2.3
Polearms       | 1 2 |  2.3
Staves         | 1 2 |  2.3
Ranged Weapons | 1 2 |  2.3
Throwing       | 1 2 |  2.3
Armour         | 1 2 |  2.3
Stealth        | 1 2 |  2.3
Shields        | 1 2 |  2.3
Unarmed Combat | 1 2 |  2.3
Hexes          | 1 |  1.8
Summonings     | 1 |  1.8
Necromancy     | 1 |  1.8
Translocations | 1 |  1.8
Transmutations | 1 |  1.8
Fire Magic     | 1 |  1.8
Ice Magic      | 1 |  1.8
Air Magic      | 1 |  1.8
Earth Magic    | 1 |  1.8
Poison Magic   | 1 |  1.8
Invocations    | 1 2 |  2.5
Evocations     | 1 2 |  2.3
Fighting       | 5 |  5.1
Dodging        | 5 |  5.1
Axes           | 7 |  7.0
Conjurations   | |  5.8

Action                     |  1- 3 |  4- 6 |  7- 9 || total
---------------------------+-------+-------+-------++-------
  Melee: Hand axe          |    66 |   132 |       ||   198
         Bite              |     4 |    18 |       ||    22
         Punch             |       |     5 |       ||     5
   Cast: Kiss of Death     |     1 |     1 |       ||     2
         Momentum Strike   |       |       |     1 ||     1
 Invoke: Stomp             |     3 |     8 |       ||    11
         Line Pass         |       |     1 |       ||     1
    Use: Scroll            |     2 |     8 |       ||    10
         Potion            |       |     4 |     1 ||     5
   Stab: Sleeping          |       |     2 |       ||     2
 Armour: Leather armour    |    16 |    26 |       ||    42
  Dodge: Dodged            |    34 |    85 |     2 ||   121
